 Dungeon Crawl Stone Soup version 0.18-a0-1797-gc18daef (webtiles) character file.

128721 ololoev the Eclecticist (level 16, -13/93 HPs)
             Began as a Deep Elf Fire Elementalist on Apr 21, 2016.
             Was a High Priest of Vehumet.
             Mangled by a grey draconian monk (15 damage)
             ... summoned by old memories
             ... in a wizard's laboratory on Apr 22, 2016.
             The game lasted 02:39:00 (25808 turns).

ololoev the Eclecticist (DEFE)                     Turns: 25808, Time: 02:39:01

Health: -13/93     AC: 15    Str:  5    XL:     16   Next: 49%
Magic:  26/41      EV: 17    Int: 28    God:    Vehumet [*****.]
Gold:   551        SH:  0    Dex: 12    Spells: 11 memorised, 15 levels left

rFire  + . .     SeeInvis .     b - +2 long sword (protect)
rCold  + . .     Gourm    .     t - +1 robe {rC+ rF+}
rNeg   + + .     Faith    .     (no shield)
rPois  .         Spirit   .     d - +2 hat
rElec  +         Dismiss  .     u - +1 cloak {+Inv}
rCorr  .         Reflect  .     G - +1 pair of gloves
SustAt .         Harm     .     L - +0 pair of boots
MR     ++...                    A - amulet of magic regeneration
Stlth  +++.......               v - ring "Titi" {Wiz rElec rN+}
                                s - ring of Xiuwim {rN+ MR+ Dex-3 Slay+2}

@: delayed fireball, very resistant to hostile enchantments, fairly stealthy
A: no striking features
a: Renounce Religion, Release Delayed Fireball, Evoke Invisibility

Inventory:

Hand Weapons
 b - a +2 long sword of protection (weapon)
Armour
 d - a +2 hat (worn)
 t - a +1 robe of resistance (worn)
 u - a +1 cloak of invisibility (worn)
 G - a +1 pair of gloves (worn)
 L - a +0 pair of boots (worn)
Magical Staves
 a - an uncursed staff of energy
Jewellery
 r - a +5 amulet of reflection
 s - the ring of Xiuwim (left hand) {rN+ MR+ Dex-3 Slay+2}
   (You bought it in a shop on level 4 of the Dungeon)

   [ring of protection from magic]

   It affects your dexterity (-3).
   It affects your accuracy and damage with ranged weapons and melee attacks
   (+2).
   It protects you from negative energy.
   It affects your resistance to hostile enchantments.
 v - the ring "Titi" (right hand) {Wiz rElec rN+}
   (You bought it in a shop on level 4 of the Dungeon)

   [ring of wizardry]

   It improves your spell success rate.
   It insulates you from electricity.
   It protects you from negative energy.
 y - an uncursed ring of protection from fire
 A - an amulet of magic regeneration (around neck)
 F - an uncursed ring of protection from cold
Wands
 m - a wand of heal wounds (4/9)
 E - a wand of disintegration (1/24)
 J - a wand of digging (7/24)
Scrolls
 e - 7 scrolls of remove curse
 h - 3 scrolls of immolation
 i - 4 scrolls of enchant armour
 p - 4 scrolls of teleportation
 w - 3 scrolls of recharging
 x - 4 scrolls of magic mapping
 C - 3 scrolls of enchant weapon
 D - 2 scrolls of amnesia
 K - a scroll of summoning {unknown}
Potions
 f - a potion of heal wounds
 k - 5 potions of curing
 l - 5 potions of magic
 n - 2 potions of ambrosia
 q - a potion of agility
 z - 2 potions of brilliance
 H - 2 potions of might
 I - a potion of cancellation
 M - 2 potions of resistance
 O - a potion of flight
Comestibles
 c - 17 bread rations
 g - 3 beef jerkies
 j - 8 chunks of flesh
 o - 11 meat rations


   Skills:
 + Level 8.0 Fighting
 - Level 10.2 Dodging
 * Level 7.0 Stealth
 * Level 19.6 Spellcasting
 * Level 16.7 Conjurations
 * Level 15.1 Fire Magic
 + Level 5.9 Evocations


You had 15 spell levels left. You knew the following spells: Your Spells Type Power Failure Level Hunger a - Bolt of Fire Conj/Fire #######... 1% 6 #...... b - Conjure Flame Conj/Fire #######. 0% 3 None c - Sticky Flame Conj/Fire #######. 1% 4 None d - Fireball Conj/Fire #######... 1% 5 None e - Inner Flame Hex/Fire ######.. 1% 3 None f - Flame Tongue Conj/Fire ##### 0% 1 None g - Apportation Tloc ####...... 1% 1 None h - Lightning Bolt Conj/Air ######.... 1% 5 None i - Bolt of Cold Conj/Ice ######.... 1% 6 #...... q - Delayed Fireball Conj/Fire N/A 1% 7 ####... r - Regeneration Chrm/Necr ####...... 2% 3 None You were in a wizard's laboratory. You worshipped Vehumet. Vehumet was extremely pleased with you. You were not hungry. You visited 2 branches of the dungeon, and saw 18 of its levels. You also visited: Ossuary and Wizlab. You collected 2780 gold pieces. You spent 2229 gold pieces at shops. ####### ....... ....... ##'''## #♣.....♣# ♣♣♣♣♣♣♣.......♣♣♣ ♣.♣.♣♣..........♣ ♣...q.....8.....♣♣♣ ...##♣♣@q.............♣# .∩..'..................' ...##♣.........♣......♣# ♣.....♣♣♣♣♣♣....♣♣ ♣♣.♣♣..♣ ♣...♣♣♣ ♣♣♣♣♣♣♣ ♣♣♣♣♣

Notes
Turn   | Place    | Note
--------------------------------------------------------------
     0 | D:1      | ololoev the Deep Elf Fire Elementalist began the quest for the Orb.
     0 | D:1      | Reached XP level 1. HP: 10/10 MP: 6/6
     1 | D:1      | Noticed an electric eel
   481 | D:1      | Reached XP level 2. HP: 11/15 MP: 8/8
  1148 | D:2      | Found a radiant altar of Vehumet.
  1158 | D:2      | Became a worshipper of Vehumet
  1163 | D:2      | ololoev: хехехе
  1198 | D:2      | Reached skill level 4 in Spellcasting
  1215 | D:2      | Reached XP level 3. HP: 19/19 MP: 4/10
  1220 | D:2      | Learned a level 3 spell: Conjure Flame
  1240 | D:2      | Noticed Ijyb
  1241 | D:2      | crauler: может для духза кого из нулевых
  1249 | D:2      | Killed Ijyb
  1266 | D:2      | crauler: оркота хуман
  1418 | D:2      | Reached XP level 4. HP: 24/24 MP: 10/12
  1424 | D:2      | Learned a level 4 spell: Sticky Flame
  1461 | D:2      | ololoev: нулевой по хелсам?
  1496 | D:2      | crauler: и по аптам
  1497 | D:2      | crauler: за все надо платить
  1497 | D:2      | ololoev: а зачем?
  1497 | D:2      | crauler: ну чтобы хелс был
  1497 | D:2      | ololoev: хелс нинужен
  1497 | D:2      | ololoev: минмаксить нужно
  1497 | D:2      | ololoev: вообще не понимаю дебилов, которые различают рас только по хелсам
  1497 | D:2      | ololoev: это же очевидно необъективно
  2032 | D:3      | Noticed macross's ghost (amateur DsGl)
  2035 | D:3      | ololoev: макросов наплодили
  2035 | D:3      | crauler: ну в кравле довольно много рас у которых 80% аптитуд не отличается по цифре
  2038 | D:3      | crauler: всм у этого петуха все по -1
  2038 | D:3      | crauler: у того 0
  2038 | D:3      | ololoev: это есть, да
  2038 | D:3      | ololoev: но есть еще и бади слоты
  2038 | D:3      | crauler: чем еще различать
  2038 | D:3      | ololoev: да и апты в эрли-миде-лейте играют
  2038 | D:3      | ololoev: ясно что на бесконечно долгом ране все у всех вкачивается
  2038 | D:3      | crauler: ну разнице в единицу не ощутима
  2038 | D:3      | ololoev: но раны то обычно кончаются еще до достижения 27 в скилле
  2038 | D:3      | crauler: *разница
  2038 | D:3      | ololoev: в единицу да, но +1 против -3 - вполне
  2043 | D:3      | crauler: я ж смотрю то как раз таких
  2053 | D:3      | Killed macross's ghost
  2053 | D:3      | Reached skill level 5 in Spellcasting
  2053 | D:3      | Reached XP level 5. HP: 28/28 MP: 0/14
  2058 | D:3      | ololoev: эти да
  2058 | D:3      | crauler: я ж не говорю МиФЕ топ, хелсы есть
  2058 | D:3      | ololoev: я про то как аутисты в таверне любят выставлять ХП как единственный показатель крутости
  2198 | D:3      | ololoev: опана!
  2198 | D:3      | ololoev: болт
  2204 | D:3      | Learned a level 5 spell: Fireball
  2279 | D:3      | You fall through a shaft for 2 floors!
  2279 | D:5      | Entered Level 5 of the Dungeon
  2280 | D:5      | ololoev: так
  2280 | D:5      | crauler: делаем все по тихому
  2280 | D:5      | ololoev: впрочем, после раннего вегумета и болта, это было ожидаемо
  2290 | D:5      | Reached * piety under Vehumet
  2290 | D:5      | Offered knowledge of Sandblast by Vehumet.
  2399 | D:5      | crauler: сандбластер
  2458 | D:5      | Noticed a centaur
  2537 | D:5      | ololoev: надо этого кента завалить
  2537 | D:5      | ololoev: он же на любой шум выскочит и добьет
  2544 | D:5      | Noticed Edmund
  2544 | D:5      | ololoev: черт
  2544 | D:5      | ololoev: вот это уже не входит в мои планы
  2558 | D:5      | Killed Edmund
  2558 | D:5      | Reached skill level 6 in Spellcasting
  2558 | D:5      | Reached XP level 6. HP: 32/32 MP: 1/17
  2693 | D:5      | Found a shimmering altar of Xom.
  3189 | D:4      | Noticed Yehuk's ghost (amateur DsFi)
  3224 | D:5      | Found a staircase to the Ecumenical Temple.
  3253 | D:5      | Reached skill level 5 in Conjurations
  3253 | D:5      | Reached skill level 5 in Fire Magic
  3262 | D:5      | Learned a level 3 spell: Inner Flame
  3301 | D:5      | Reached XP level 7. HP: 36/36 MP: 3/18
  3499 | D:5      | Noticed Eustachio
  3506 | D:5      | Killed Eustachio
  3506 | D:5      | Reached skill level 7 in Spellcasting
  4099 | D:4      | Found Cusk's Antique Armour Shoppe.
  4110 | D:4      | Reached skill level 8 in Spellcasting
  4110 | D:4      | Reached XP level 8. HP: 41/41 MP: 13/22
  4118 | D:4      | Bought an embroidered robe for 16 gold pieces
  4118 | D:4      | Bought a glowing cloak for 108 gold pieces
  4331 | D:3      | Found a bloodstained altar of Trog.
  4516 | D:4      | Found a shattered altar of Ashenzari.
  4516 | D:4      | Found an iron altar of Okawaru.
  4521 | D:4      | Killed Yehuk's ghost
  4567 | D:4      | Reached ** piety under Vehumet
  4567 | D:4      | Offered knowledge of Throw Frost by Vehumet.
  4706 | D:4      | Found a white marble altar of Elyvilon.
  4747 | D:4      | Found Ceyrhos's Magic Scroll Emporium.
  4764 | D:4      | Reached skill level 9 in Spellcasting
  4777 | D:4      | Found Ciuzoeh's Armour Emporium.
  4856 | D:4      | Bought a scroll of noise for 13 gold pieces
  4856 | D:4      | Bought a scroll of random uselessness for 13 gold pieces
  5049 | D:4      | Found Feomunira's Armour Boutique.
  5050 | D:4      | Found Regg's Jewellery Emporium.
  5056 | D:4      | ololoev: оооо!
  5056 | D:4      | ololoev: виз релек рН
  5056 | D:4      | ololoev: и роба резиста
  5056 | D:4      | ololoev: кольцо рпойза
  5056 | D:4      | crauler: и амуль регена
  5056 | D:4      | ololoev: и амулет маг регенерации
  5056 | D:4      | crauler: топ магазин
  5056 | D:4      | ololoev: осталось накопить на аквар
  5056 | D:4      | crauler: аквар есть?
  5056 | D:4      | crauler: сколько стоит?
  5056 | D:4      | jacquesderrida: денг менг
  5056 | D:4      | crauler: деньги мэн
  5056 | D:4      | ololoev: 600 примерно
  5056 | D:4      | crauler: нету их
  5375 | D:6      | Noticed Grinder
  5378 | D:6      | Killed Grinder
  5415 | D:6      | crauler: аквар голды растет с ХЛ?
  5416 | D:6      | Noticed Prince Ribbit
  5423 | D:5      | crauler: не растет
  5423 | D:5      | crauler: Gives 10*(20+1d20+1d8*1d8*1d8) gold. (Min=220, Max=5520, Mean=1218, Median=880, Std=911
  5521 | D:6      | Noticed Denapoli's ghost (novice TrMo)
  5578 | D:6      | Killed Prince Ribbit
  5578 | D:6      | Reached skill level 10 in Spellcasting
  5578 | D:6      | Reached XP level 9. HP: 45/45 MP: 8/25
  5648 | D:6      | Learned a level 6 spell: Bolt of Fire
  5660 | D:6      | Got a slimy dagger
  5661 | D:6      | Identified the +4 dagger of Sudden Death {elec, Stlth+} (You found it on level 6 of the Dungeon)
  5850 | D:6      | ololoev: дрэгон колл мощный спелл?
  5850 | D:6      | ololoev: может мне забить на ФШ и вкачать дракончиков, лол
  5850 | D:6      | DEFE: >DEFE
  5850 | D:6      | DEFE: Нинужно
  5850 | D:6      | DEFE: дракончики это боль и страдания
  5850 | D:6      | DEFE: Сап
  5850 | D:6      | ololoev: yo
  5955 | D:6      | ololoev: да вы офигели!
  6074 | D:6      | Noticed Menkaure
  6077 | D:6      | Killed Menkaure
  6698 | D:6      | Found a sacrificial altar of Ru.
  6812 | D:7      | Learned a level 1 spell: Apportation
  6868 | D:7      | Found a sparkling altar of Nemelex Xobeh.
  6875 | D:7      | Noticed Duvessa
  6878 | D:7      | Noticed Dowan
  6885 | D:7      | Killed Dowan
  6885 | D:7      | Reached skill level 11 in Spellcasting
  6887 | D:7      | ololoev: а вот это уже не смешно
  6887 | D:7      | Killed Duvessa
  7094 | D:7      | You fall through a shaft for 3 floors!
  7094 | D:10     | Entered Level 10 of the Dungeon
  7097 | D:10     | Got a pitted hand axe
  7263 | D:10     | Found a staircase to the Lair.
  7268 | D:10     | crauler: >3 scrolls
  7278 | D:10     | crauler: >acquire
  7278 | D:10     | crauler: i want to believe
  7278 | D:10     | ololoev: ох если бы
  7482 | D:9      | crauler: appot?
  7495 | D:9      | ololoev: yep
  7562 | D:9      | Identified the +7 hand axe "Goblin's Peril" {chop, *Contam +Fly rElec rF+} (You found it on level 10 of the Dungeon)
  7563 | D:9      | ololoev: жопой чуял не надо в руки брать
  7563 | D:9      | ololoev: погибель гоблина
  7632 | D:9      | Offered knowledge of Ignite Poison by Vehumet.
  7632 | D:9      | Reached skill level 10 in Conjurations
  7673 | D:9      | Reached XP level 10. HP: 50/50 MP: 17/27
  7693 | D:9      | Reached skill level 12 in Spellcasting
  7693 | D:9      | Reached *** piety under Vehumet
  7942 | D:9      | Offered knowledge of Fulminant Prism by Vehumet.
  8360 | D:8      | Found a sand-covered staircase.
  8467 | Ossuary  | Entered an ossuary
  8565 | Ossuary  | Reached **** piety under Vehumet
  8593 | Ossuary  | Offered knowledge of Irradiate by Vehumet.
  8871 | Ossuary  | Identified a scroll of acquirement
  8874 | Ossuary  | ololoev: итак!
  8874 | Ossuary  | ololoev: чейн аквайрмент!
  8874 | Ossuary  | ololoev: хотя не
  8874 | Ossuary  | ololoev: попозже
  8874 | Ossuary  | ololoev: вдруг что дропнется годное
  8888 | D:8      | Found a stormy altar of Qazlal.
  9014 | D:8      | crauler: сколько акваров?
  9014 | D:8      | ololoev: 1
  9014 | D:8      | ololoev: но можно взять голду
  9014 | D:8      | ololoev: купить еще аквар
  9014 | D:8      | ololoev: еще голду
  9014 | D:8      | ololoev: и скупить годноту
  9014 | D:8      | ololoev: но это перед депсом
  9063 | D:8      | Reached skill level 13 in Spellcasting
  9191 | D:8      | Noticed a cyclops
  9194 | D:8      | Killed a cyclops
  9311 | D:8      | Found a deep blue altar of Sif Muna.
  9392 | D:8      | Found a glowing golden altar of the Shining One.
  9409 | D:8      | Reached ***** piety under Vehumet
  9485 | D:8      | Offered knowledge of Poisonous Cloud by Vehumet.
  9678 | D:8      | Found Keatik's Magic Scroll Boutique.
  9684 | D:8      | Bought a scroll of recharging for 123 gold pieces
  9684 | D:8      | Bought a scroll of fear for 45 gold pieces
  9684 | D:8      | Bought a scroll of amnesia for 45 gold pieces
  9782 | D:8      | Found an oddly glowing altar of Pakellas.
  9989 | D:7      | Noticed Pikel
  9994 | D:8      | Reached skill level 1 in Fighting
 10146 | D:7      | Killed Pikel
 10224 | D:7      | Noticed Joseph
 10226 | D:7      | Reached XP level 11. HP: 54/56 MP: 8/30
 10313 | D:4      | Bought a scroll of identify for 26 gold pieces
 10392 | D:7      | Killed Joseph
 10986 | D:10     | crauler: ХВ
 10987 | D:10     | ololoev: yea
 10997 | D:10     | crauler: идем к успеху
 11243 | D:11     | Noticed a hill giant
 11247 | D:11     | Killed a hill giant
 11334 | D:11     | Reached skill level 14 in Spellcasting
 11381 | D:11     | Noticed Xenophilius's ghost (journeyman TrMo)
 11386 | D:11     | crauler: идеально
 11391 | D:11     | xeno23: ммммм
 11394 | D:11     | Killed Xenophilius's ghost
 11395 | D:11     | Noticed a white ugly thing
 11395 | D:11     | xeno23: опять духз?
 11395 | D:11     | ololoev: yep
 11395 | D:11     | crauler: да
 11870 | D:11     | Offered knowledge of Delayed Fireball by Vehumet.
 11879 | D:11     | Learned a level 7 spell: Delayed Fireball
 11886 | D:11     | Noticed a green ugly thing
 11892 | D:11     | Killed a green ugly thing
 12049 | D:11     | crauler: new stable version probably in a few weeks
 12050 | D:11     | crauler: опа
 12050 | D:11     | crauler: интересно
 12050 | D:11     | ololoev: турнамент бегинс!
 12081 | D:11     | crauler: >in a few weeks
 12093 | D:11     | crauler: >май-июль
 12161 | D:11     | crauler: >tfw ты студентота
 12176 | D:11     | Found a staircase to the Orcish Mines.
 12186 | D:11     | xeno23: а турнамент сразу после стабильной версии делают?
 12186 | D:11     | xeno23: или раз в год
 12202 | D:11     | crauler: обычно после версии
 12273 | D:11     | crauler: запилят версию и по ней турнир
 12352 | D:11     | crauler: ну теперь я хоть не забью на турнир после одной глупой смерти
 12380 | D:11     | crauler: я просто буду дальше совершать глупые смерти
 12486 | D:11     | Killed a white ugly thing
 12491 | D:11     | Noticed a green ugly thing
 12497 | D:11     | Killed a green ugly thing
 12497 | D:11     | Reached skill level 5 in Dodging
 12639 | D:12     | xeno23: >fighting 3
 12639 | D:12     | crauler: вы не понимаете!
 12653 | D:12     | Noticed an unseen horror
 12656 | D:12     | Killed an unseen horror
 12713 | D:11     | crauler: sticky flame is best kind of sInv
 12815 | D:6      | Killed Denapoli's ghost
 13082 | D:12     | Reached skill level 10 in Fire Magic
 13082 | D:12     | Reached XP level 12. HP: 62/64 MP: 32/32
 13258 | D:12     | Reached skill level 15 in Spellcasting
 13282 | D:12     | Noticed Snorg
 13287 | D:12     | Killed Snorg
 14199 | D:12     | Offered knowledge of Lee's Rapid Deconstruction by Vehumet.
 14875 | D:13     | Noticed a centaur warrior
 14879 | D:13     | Killed a centaur warrior
 15241 | D:13     | xeno23: зачем нужен иннер флейм
 15242 | D:13     | xeno23: если есть файрбол
 15242 | D:13     | ololoev: для фана
 15393 | D:14     | Found a gate to the Vaults.
 15393 | D:14     | Noticed Rupert
 15393 | D:14     | Noticed Norris
 15393 | D:14     | Noticed a seven-headed hydra
 15394 | D:14     | xeno23: любишь кусуи мяса на полу?
 15394 | D:14     | ololoev: ну охренеть теперь
 15394 | D:14     | ololoev: так
 15394 | D:14     | ololoev: надо думать
 15394 | D:14     | xeno23: ну просто поднимайся
 15394 | D:14     | xeno23: неубьют
 15396 | D:14     | crauler: походу руперт с норрис тут часто встречаются
 15398 | D:14     | Noticed a centaur warrior
 15399 | D:14     | crauler: еще и боггарты
 15404 | D:14     | Reached skill level 16 in Spellcasting
 15406 | D:14     | Reached XP level 13. HP: 52/72 MP: 31/35
 15408 | D:14     | crauler: ебать
 15409 | D:14     | crauler: как весело стало
 15412 | D:14     | crauler: удалил драйвер старой видеокарты перед установкой новой, шрифт по пизде пошел
 15413 | D:14     | Killed Rupert
 15413 | D:14     | Reached skill level 5 in Fighting
 15416 | D:14     | Killed Norris
 15455 | D:14     | xeno23: пекапроблемы
 15733 | D:14     | Noticed a fire dragon
 15774 | D:14     | xeno23: tfw no ood
 15813 | D:13     | xeno23: когда уже добавят мобов имунных к физ дамагу
 15813 | D:13     | xeno23: а то не честно
 16008 | D:4      | namelastname112: блять
 16008 | D:4      | namelastname112: мимибойс
 16008 | D:4      | namelastname112: http://cs631520.vk.me/v631520556/24ec6/ZPCYsI2S42A.jpg
 16008 | D:4      | ololoev: я куплю ТИти
 16008 | D:4      | Bought the ring "Titi" {Wiz rElec rN+} for 626 gold pieces
 16008 | D:4      | namelastname112: я б тоже купил тити
 16260 | D:14     | namelastname112: эм
 16262 | D:13     | namelastname112: фаерболом в файр драгона
 16264 | D:13     | namelastname112: но зачем
 16299 | D:13     | ololoev: а чем, аппортом?
 16299 | D:13     | ololoev: сиринг рей есть еще
 16299 | D:13     | namelastname112: вех не подкинул ничего?
 16299 | D:13     | namelastname112: лол
 16299 | D:13     | namelastname112: мда
 16301 | D:14     | xeno23: а сиринг рей может и убить его
 16301 | D:14     | xeno23: на макспауере
 16301 | D:14     | namelastname112: ага
 16301 | D:14     | ololoev: ну через некоторое время да
 16301 | D:14     | namelastname112: только ололоев не доживет
 16301 | D:14     | ololoev: так
 16301 | D:14     | ololoev: стоп
 16301 | D:14     | ololoev: сиринг рей был в прошлом ране
 16301 | D:14     | ololoev: так что ничего нет
 16306 | D:14     | namelastname112: на что аквар будешь тратить?
 16306 | D:14     | xeno23: вот это глупо
 16306 | D:14     | xeno23: ФЕ не может убить огненного моба
 16306 | D:14     | ololoev: хз
 16306 | D:14     | ololoev: пока не думал
 16306 | D:14     | ololoev: скорее всего на голду
 16306 | D:14     | xeno23: значит какой-нибудь МиБе должен тоже встречать мобов которых не должен валить
 16347 | D:14     | xeno23: каких-нибудь призраков имунных к физухе
 16367 | D:14     | namelastname112: ты охуел
 16367 | D:14     | namelastname112: тогда придется руку с таба убирать
 16367 | D:14     | namelastname112: это не дело
 16529 | D:14     | namelastname112: оод бы
 16547 | D:15     | Entered Level 15 of the Dungeon
 16574 | D:14     | ololoev: откуда емана тенгу?
 16830 | D:14     | Offered knowledge of Lightning Bolt by Vehumet.
 16838 | D:14     | Learned a level 5 spell: Lightning Bolt
 16838 | D:14     | ololoev: могу убить!
 16969 | D:14     | ololoev: несите своего дракона
 17293 | D:14     | Reached skill level 17 in Spellcasting
 17424 | D:14     | Killed a fire dragon
 17571 | D:14     | ololoev: лайтнинг болт сила дракон могила!
 17981 | D:15     | Reached XP level 14. HP: 79/79 MP: 26/37
 17991 | D:15     | crauler: ты не сдох пока меня не было
 17991 | D:15     | crauler: неплохо
 17997 | D:15     | ololoev: я дракона завалил
 17997 | D:15     | ololoev: и сожрал
 18196 | D:15     | Found Oseddyrr's Gadget Shoppe.
 18582 | D:15     | ololoev: 4 гифта осталось
 18582 | D:15     | ololoev: последний будет со штормом
 18582 | D:15     | ololoev: надеюсь
 18982 | D:15     | Found a staircase to the Depths.
 19022 | D:15     | xeno23: раньше же спеллы веха зависели от школ прокаченных
 19031 | D:15     | xeno23: а потом уюрали
 19218 | D:15     | crauler: ну типа хардкор
 19218 | D:15     | crauler: фансервис
 19218 | D:15     | xeno23: >ну типа рендом
 19265 | D:15     | Reached skill level 15 in Conjurations
 19488 | D:15     | Learned a level 3 spell: Regeneration
 20475 | D:4      | ololoev: 1k за аквар
 20475 | D:4      | crauler: чут меньше среднего вроде
 20475 | D:4      | ololoev: ну норм, мне хватит
 20477 | D:4      | Bought a +1 robe of resistance for 327 gold pieces
 20492 | D:4      | Bought the ring of Xiuwim {rN+ MR+ Dex-3 Slay+2} for 497 gold pieces
 20492 | D:4      | crauler: 1100 среднее значение
 20494 | D:4      | ololoev: к депсам готов ящитаю!
 20494 | D:4      | crauler: еще клоку сменить на рпойз
 20494 | D:4      | ololoev: вот только депсы завтра будут уже, повалил я
 20494 | D:4      | crauler: отлично, я спокойно лягу спать
 20494 | D:4      | ololoev: ща еще амулет куплю чтобы не забыть
 20494 | D:4      | Bought an uncursed amulet of magic regeneration for 390 gold pieces
 20496 | D:4      | Upgraded the game from 0.18-a0-1789-gbeff17f to 0.18-a0-1797-gc18daef
 20725 | Depths:1 | Entered Level 1 of the Depths
 20725 | Depths:1 | Found a radiant altar of Vehumet.
 20866 | Depths:1 | Reached skill level 1 in Evocations
 20983 | Depths:1 | Noticed a vampire knight
 20989 | Depths:1 | Killed a vampire knight
 20989 | Depths:1 | Reached skill level 18 in Spellcasting
 21073 | Depths:1 | Noticed a frost giant
 21079 | Depths:1 | Killed a frost giant
 21531 | Depths:1 | Noticed a stone giant
 21536 | Depths:1 | Killed a stone giant
 21578 | Depths:1 | Noticed a fire giant
 21782 | Depths:1 | Reached XP level 15. HP: 82/85 MP: 8/39
 21850 | D:15     | Offered knowledge of Bolt of Cold by Vehumet.
 21858 | D:15     | Learned a level 6 spell: Bolt of Cold
 22364 | Depths:1 | Found a gateway to a ziggurat.
 22368 | Depths:1 | Found a one-way gate leading to the halls of Pandemonium.
 22651 | Depths:1 | Found a gateway to Hell.
 22698 | Depths:1 | Noticed a fire giant
 22706 | Depths:1 | Killed a fire giant
 22858 | Depths:1 | Killed a fire giant
 23038 | Depths:2 | Noticed a fire giant
 23047 | Depths:2 | Killed a fire giant
 23093 | Depths:2 | Reached skill level 10 in Dodging
 23236 | Depths:2 | Noticed a frost giant
 23245 | Depths:2 | Killed a frost giant
 23317 | Depths:2 | Goblin1989: короче сталкер с рю - машинка для убийства. первый песонаж, которым я данж до 15 уровня сразу дошел
 23321 | Depths:2 | ololoev: норм!
 23359 | Depths:2 | Goblin1989: причем я заметил что меня что-то напрягает только на 14 уровне
 23398 | Depths:2 | Goblin1989: а потом орков протабал минут за 5 всего
 24017 | Depths:2 | Found an iron altar of Okawaru.
 24018 | Depths:2 | Found a shattered altar of Ashenzari.
 24018 | Depths:2 | Found an oddly glowing altar of Pakellas.
 24018 | Depths:2 | Noticed a sphinx
 24040 | Depths:2 | Reached skill level 19 in Spellcasting
 24105 | Depths:2 | Found a one-way gate to the infinite horrors of the Abyss.
 24249 | Depths:2 | Noticed a lich
 24379 | Depths:2 | Killed a lich
 24500 | Depths:2 | Killed a sphinx
 24509 | Depths:2 | Noticed a tengu reaver
 24546 | Depths:2 | Reached XP level 16. HP: 92/92 MP: 31/41
 24548 | Depths:2 | Reached skill level 5 in Evocations
 24564 | Depths:2 | Killed a tengu reaver
 24564 | Depths:2 | Reached skill level 5 in Stealth
 25117 | Depths:2 | Offered knowledge of Ozocubu's Refrigeration by Vehumet.
 25117 | Depths:2 | Reached skill level 15 in Fire Magic
 25594 | Depths:2 | Noticed a shadow dragon
 25696 | Depths:3 | DEFE: наконец-то дашел до леера
 25715 | Depths:3 | DEFE: всего то было нужен амулет регена и даггер элека
 25765 | Depths:3 | Found a magical portal.
 25774 | WizLab   | Entered Wucad Mu's Monastery
 25775 | WizLab   | ololoev: блин нет, только не саммоны!
 25775 | WizLab   | ololoev: ладно, попробую прорваться
 25808 | WizLab   | DEFE: А Б Ж У Р Е Й Ш Е Н
 25808 | WizLab   | HP: 2/93 [grey draconian monk[old memories] (24)]
 25808 | WizLab   | Mangled by a grey draconian monk

Dungeon Overview and Level Annotations

Branches:
Dungeon (15/15)            Temple (0/1) D:5            Lair (0/8) D:10
    Orc (0/2) D:11         Vaults (0/5) D:14         Depths (3/5) D:15

Altars:
Ashenzari
Elyvilon
Nemelex Xobeh
Okawaru
Pakellas
Qazlal
Ru
Sif Muna
Trog
Vehumet
Xom
The Shining One

Shops:
D:4 [?=[[   D:8 ?   D:15 }

Portals:
Hell: Depths:1 Depths:2
Abyss: Depths:2
Pandemonium: Depths:1
Ziggurat: Depths:1

Annotations:
Depths:3 exclusion: upstairs


Message History

Nothing appears to happen.
You channel some magical energy.
You feel slightly more hungry.
Nothing appears to happen.
You channel some magical energy.
You feel slightly more hungry.
Nothing appears to happen.
Nothing appears to happen.
You channel some magical energy.
You feel slightly more hungry.
You channel some magical energy.
You feel slightly more hungry.
You hear the crackle of a distant magical portal.
Nothing appears to happen.
Things that are here:
a dire flail; a leather armour; a tengu corpse You butcher the tengu corpse.
j - 4 chunks of flesh
Things that are here:
a dire flail; a leather armour; a tengu skeleton You feel protected!
b - a +2 long sword of protection (weapon)
You see here a deep troll corpse.
You butcher the deep troll corpse.
j - 8 chunks of flesh (gained 4)
Things that are here:
a troll hide; a deep troll skeleton
Found a magical portal.
There is a magical portal here.
The world spins around you as you enter the gateway.
You enter a wizard's laboratory!
Welcome to Wucad Mu's Monastery!
There is an empty arch of ancient stone here.
There is an open door here.
Search for what [Enter for "tele", or ? for help]? abjur
Found a portal leading out of this place.
You open the gate.
Shadows coalesce into solid form.
Press: ? - help, v - describe, . - travel
Here: a grey draconian monk, wearing a glowing cloak (hasn't noticed you, summoned)
The floor.
Unknown command.
The deep troll shouts!
The grey draconian monk roars!
Casting: Fireball
Confirm with . or Enter, or press ? or * to list all spells.
Aiming: Bolt of Fire
Press: ? - help, Shift-Dir - straight line, f - grey draconian monk
Aim: a grey draconian monk, wearing a glowing cloak (summoned)
The bolt of fire hits the deep troll.
The deep troll is almost dead.
The bolt of fire hits the grey draconian monk.
The grey draconian monk is lightly wounded.
The deep troll completely misses you. The deep troll barely misses you.
The deep troll claws you.
Unknown command.
Casting: Bolt of Fire
Confirm with . or Enter, or press ? or * to list all spells.
Aiming: Bolt of Fire
Press: ? - help, Shift-Dir - straight line, f - grey draconian monk, p - grey draconian monk
Aim: a grey draconian monk, wearing a cloak (summoned)
The bolt of fire hits the grey draconian monk.
The grey draconian monk is moderately wounded.
The bolt of fire hits the deep troll.
You kill the deep troll!
The deep troll's corpse dissolves into shadows!
The bolt of fire hits the grey draconian monk.
The grey draconian monk is heavily wounded.
The grey draconian monk hits you! The grey draconian monk kicks you.
The grey draconian monk tail-slaps you but does no damage. x2
Casting: Bolt of Fire
Confirm with . or Enter, or press ? or * to list all spells.
Aiming: Bolt of Fire
Press: ? - help, Shift-Dir - straight line, f/p - grey draconian monk
Aim: a grey draconian monk, wearing a cloak (heavily wounded, summoned)
The bolt of fire hits the grey draconian monk.
The grey draconian monk is severely wounded.
The bolt of fire hits the grey draconian monk.
The grey draconian monk is severely wounded.
The grey draconian monk hits you!! The grey draconian monk misses you. x2
The grey draconian monk tail-slaps you but does no damage.
Unknown command.
The grey draconian monk hits you!! The grey draconian monk kicks you.
The grey draconian monk tail-slaps you! The grey draconian monk tail-slaps you.
The grey draconian monk hits you!! The grey draconian monk kicks you!
You die...

You could see 2 draconians.

Vanquished Creatures
  Norris (D:14)
  A lich (Depths:2)
  Rupert (D:14)
  A tengu reaver (Depths:2)
  A sphinx (Depths:2)
  3 fire giants
  2 frost giants
  7 stone giants
  A vampire knight (Depths:1)
  7 very ugly things
  3 spark wasps (Depths:2)
  Snorg (D:12)
  3 ettins (Depths:2)
  4 fire dragons
  The ghost of Xenophilius the Grappler, a journeyman TrMo of Cheibriados (D:11)
  An entropy weaver (Depths:1)
  A great orb of eyes (Depths:1)
  3 ogre magi
  2 yaktaur captains (Depths:2)
  4 ice dragons
  3 hydras
  10 centaur warriors
  A death knight (D:15)
  6 tengu warriors
  A deep troll shaman (Depths:1)
  2 deep troll earth magi
  A spriggan berserker (Depths:2)
  A vampire mage (Depths:1)
  5 hell knights (Depths:2)
  An iron troll (D:15)
  6 skeletal warriors
  A sea snake (shapeshifter) (D:15)
  2 unseen horrors (D:12)
  7 deep trolls
  A giant orange brain (Depths:2)
  The ghost of Denapoli the Grappler, a novice TrMo of Okawaru (D:6)
  Pikel (D:7)
  7 hill giants
  A phantasmal warrior (D:15)
  A wolf spider zombie (D:15)
  2 deep elf magi (D:15)
  An orc knight (D:14)
  22 ugly things
  A shadow dragon skeleton (D:15)
  A hornet (shapeshifter) (Depths:2)
  A griffon (D:14)
  2 necromancers
  2 manticores
  A stone giant zombie (D:15)
  A wolf spider (D:14)
  8 cyclopes
  A frost giant zombie (D:15)
  A black mamba (shapeshifter) (Depths:1)
  A manticore (shapeshifter) (Depths:2)
  4 centaur zombies
  Joseph (D:7)
  A centaur skeleton (D:15)
  An octopode (shapeshifter) (Depths:2)
  A gargoyle (D:13)
  A yaktaur (Depths:2)
  A freezing wraith (D:15)
  9 trolls
  An entropy weaver zombie (D:15)
  Grinder (D:6)
  2 two-headed ogres
  Prince Ribbit (D:6)
  A harpy skeleton (D:15)
  20 slime creatures
  4 redbacks (Depths:1)
  A shadow (D:12)
  2 vampires
  A spriggan (D:11)
  A tarantella (shapeshifter) (Depths:3)
  16 humans (D:14)
  2 wraiths
  2 wyverns
  A basilisk (D:15)
  Eustachio (D:5)
  9 yaks
  A human (shapeshifter) (Depths:1)
  5 hungry ghosts
  The ghost of Yehuk the Covered, an amateur DsFi of Ashenzari (D:4)
  2 steam dragons
  Menkaure (D:6)
  3 hippogriffs
  A mottled dragon (D:14)
  4 vampire mosquitoes (D:14)
  Edmund (D:5)
  Duvessa (D:7)
  A water moccasin (D:8)
  2 black bears
  3 phantoms
  14 orc warriors
  3 slaves
  2 wasps
  An ice beast (D:11)
  6 sky beasts
  5 boggarts
  An eye of draining (D:15)
  3 necrophages
  The ghost of macross the Ducker, an amateur DsGl (D:3)
  23 ogres
  14 centaurs
  3 big kobolds
  13 giant frogs
  A wyvern zombie (D:15)
  6 scorpions
  Dowan (D:7)
  A troll zombie (Ossuary)
  18 killer bees
  A killer bee (shapeshifter) (Depths:2)
  9 wights
  A howler monkey (D:10)
  10 crimson imps
  3 jellies
  A giant frog zombie (D:13)
  7 hounds
  A quasit (D:8)
  3 orc priests
  A human zombie (Ossuary)
  An iron imp (Depths:1)
  11 orc wizards
  A giant frog skeleton (D:12)
  Ijyb (D:2)
  An iguana (D:5)
  14 worker ants
  5 sheep (D:15)
  2 killer bee zombies
  2 big kobold zombies (Ossuary)
  3 ogre zombies (Ossuary)
  A hound zombie (D:11)
  2 hound skeletons
  7 mummies (Ossuary)
  A howler monkey zombie (D:5)
  A worker ant zombie (D:8)
  2 gnolls
  13 adders
  3 shadow imps
  3 adder zombies (Ossuary)
  2 adder skeletons
  3 worms
  2 dart slugs
  6 giant geckos
  82 orcs
  A ball python (D:5)
  4 giant cockroaches
  A gnoll zombie (Ossuary)
  9 goblins
  7 hobgoblins
  22 jackals
  2 quokkas (D:6)
  7 bats
  3 giant gecko skeletons
  A giant gecko zombie (D:6)
  5 giant newts
  4 goblin zombies (Ossuary)
  6 hobgoblin zombies (Ossuary)
  A jackal skeleton (D:4)
  18 kobolds
  3 kobold zombies (Ossuary)
  3 quokka zombies (Ossuary)
  6 rats
  2 rat zombies (Ossuary)
  2 butterflies (D:5)
  2 withered plants (D:15)
694 creatures vanquished.

Vanquished Creatures (others)
  A centaur (D:15)
  An adder (D:2)
  5 fungi (Depths:2)
  6 plants (Depths:2)
  3 withered plants (D:15)
16 creatures vanquished.

Grand Total: 710 creatures vanquished

Action                   |  1- 3 |  4- 6 |  7- 9 | 10-12 | 13-15 | 16-18 || total
-------------------------+-------+-------+-------+-------+-------+-------++-------
Melee: Dagger            |    43 |    51 |    30 |       |       |       ||   124
       Falchion          |       |       |    60 |       |       |       ||    60
       Long sword        |       |       |       |   183 |    47 |       ||   230
 Cast: Flame Tongue      |    31 |    78 |   153 |   168 |     1 |       ||   431
       Conjure Flame     |       |     4 |    10 |    36 |    11 |     3 ||    64
       Sticky Flame      |       |     5 |    23 |    47 |    28 |     3 ||   106
       Fireball          |       |       |    25 |   125 |   258 |    36 ||   444
       Inner Flame       |       |       |     4 |    16 |     8 |     1 ||    29
       Delayed Fireball  |       |       |       |     3 |    12 |     5 ||    20
       Apportation       |       |       |       |     1 |       |       ||     1
       Bolt of Fire      |       |       |       |    17 |    66 |    34 ||   117
       Lightning Bolt    |       |       |       |       |    11 |       ||    11
       Bolt of Cold      |       |       |       |       |    29 |     4 ||    33
       Regeneration      |       |       |       |       |    27 |    14 ||    41
 Abil: Release Delayed F |       |       |       |     2 |    12 |     5 ||    19
Evoke: Wand              |       |       |       |       |     3 |     5 ||     8
       Staff of energy   |       |       |       |       |   126 |    80 ||   206
  Use: Potion            |       |     3 |       |     2 |     4 |       ||     9
       Scroll            |       |       |     8 |    19 |     6 |     7 ||    40
 Stab: Sleeping          |     1 |       |     1 |     1 |       |       ||     3
       Paralysed         |       |       |     1 |       |       |       ||     1
       Distracted        |       |       |       |     1 |       |       ||     1
  Eat: Chunk             |     1 |     6 |    17 |    28 |    37 |     7 ||    96
       Fruit             |       |     1 |     3 |       |     5 |       ||     9
       Bread ration      |       |       |       |     1 |       |       ||     1
       Royal jelly       |       |       |       |     1 |       |       ||     1
       Pizza             |       |       |       |       |     1 |       ||     1
       Beef jerky        |       |       |       |       |     1 |       ||     1
       Meat ration       |       |       |       |       |       |     1 ||     1
Armor: Robe              |    19 |    13 |    42 |   112 |    48 |     5 ||   239
Dodge: Dodged            |    35 |    38 |    93 |   156 |   109 |    17 ||   448
Block: Other             |       |       |     9 |    62 |    21 |       ||    92
       Reflection        |       |       |       |     3 |     4 |       ||     7

Vault maps used:
D:1:      arrival_aquarium_a
D:2:      fiery_altar_vehumet, first_bread, uniq_iyjb
D:3:      bloody_trog
D:4:      nicolae_overflow_crystal_walls, gammafunk_temple_overflow_wave,
          serial_shops, shop, nicolae_shop_waterfront,
          nicolae_shop_window_shopping, nicolae_shop_behind_doors,
          nicolae_shop_waterfront
D:5:      tgw_xom, minmay_temple_entry_butterflies, uniq_edmund, uniq_eustachio
D:6:      nicolae_ru_great_annihilating_truth, uniq_prince_ribbit1,
          uniq_menkaure, uniq_grinder
D:7:      lemuel_round_altar, uniq_duvessa, uniq_joseph, uniq_pikel
D:8:      lemuel_round_altar, nicolae_overflow_hidden_temple, kennysheep_mini,
          nicolae_tso_carved_into_rock, serial_shops, nicolae_shop_trees,
          chequers_ossuary_entry_cave
D:9:      special_room
D:10:     lair_0_dummy
D:11:     david_orc_2, the_bakery
D:12:     amethyst_killhole, glass_columns_b, kennysheep_nondescript, uniq_snorg
D:14:     david_vaults_3
D:15:     gammafunk_depths_entry_grave, serial_shops, shop, minmay_misc_feat_chi
Depths:1: enter_ziggurat_a, pan_entry, old_standard_altar,
          grunt_hell_entry_dis_grunt, nicolae_twisting_strands,
          kennysheep_generic_room_14
Depths:2: hangedman_slaughterboxes, abyss_entry, hell_entry
Depths:3: minmay_skeletal_surprise, special_room, corexii_corridor_pit,
          mu_enter_wizlab_5, pf_coc_iceberg, rand_demon_pan_entry_8
Ossuary:  ossuary_boxes_badplayer
WizLab:   wizlab_wucad
